[Event "ICC tourney 2047 (75 10)"]
[Site "Internet Chess Club"]
[Date "2020.10.11"]
[Round "5"]
[White "yogokings12"]
[Black "Mozart1"]
[Result "0-1"]
[ICCResult "White resigns"]
[WhiteElo "1678"]
[BlackElo "1849"]
[Opening "KGA: bishop's gambit"]
[ECO "C33"]
[NIC "KG.03"]
[Time "11:04:27"]
[TimeControl "4500+10"]

1. e4 e5 2. f4 exf4 3. Bc4 Qh4+ 4. Kf1 d6 5. Nf3 Qg4 6. Nc3 Nf6 7. d4 c6 8.
h3 Qg6 9. Bxf4 Nxe4 10. Qe2 f5 11. Nh4 Qf6 12. Nxe4 fxe4 13. Qxe4+ Be7 14.
Nf3 d5 15. Qe3 dxc4 16. Bg5 Qe6 17. Re1 Qxe3 18. Rxe3 O-O 19. Bxe7 Re8 20.
Bg5 Rxe3 21. Bxe3 Bf5 22. c3 Nd7 23. Kf2 Nf6 24. Re1 b5 25. Kg1 h6 26. Ne5
Be4 27. Bf2 Bd5 28. Ng4 Ne4 29. Ne3 a5 30. Nxd5 cxd5 31. Be3 b4 32. Rc1 Rb8
33. Rc2 a4 34. cxb4 Rxb4 35. Bd2 Rb6 36. Be1 Kf7 37. Kf1 Ke6 38. Ke2 Ra6 39.
Bb4 Kf5 40. Kf3 h5 41. g4+ hxg4+ 42. hxg4+ Kg6 43. Kf4 Re6 44. Rg2 Nf6 45.
Bc3 Re4+ 46. Kf3 Nh7 47. Kf2 Ng5 48. Rg3 Ne6 49. Re3 Ng5 50. Rxe4 Nxe4+ 51.
Kf3 a3 52. Kf4 Kf6 53. g5+ Nxg5 54. bxa3 Ne4 55. Bb2 c3 56. Bc1 g5+ 57. Kf3
Ke6 58. Ke3 Kd6 59. Kd3 g4 60. a4 Kc6 61. Bf4 Kb6 62. Kc2 g3 63. Be3 Ka5 64.
Kb3 g2 65. a3 Ng3 66. Kxc3 g1=Q 67. Bxg1 Ne2+ 68. Kd3 Nxg1 69. Ke3 Kxa4 70.
Kf4 Kb5 71. a4+ Kc4 72. a5 Ne2+ 73. Ke3 Nxd4 74. a6 Nc6 75. Kf4 d4 76. Ke4
d3 77. Ke3 Kc3 {White resigns} 0-1

[Event "ICC tourney 2047 (75 10)"]
[Site "Internet Chess Club"]
[Date "2020.10.11"]
[Round "5"]
[White "Boldmann"]
[Black "TacticalVM"]
[Result "0-1"]
[ICCResult "White resigns"]
[WhiteElo "1759"]
[BlackElo "1696"]
[Opening "Sicilian: Najdorf, 6.Bg5"]
[ECO "B94"]
[NIC "SI.04"]
[Time "11:05:11"]
[TimeControl "4500+10"]

1. e4 c5 2. Nf3 d6 3. d4 cxd4 4. Nxd4 Nf6 5. Nc3 a6 6. Bg5 Nbd7 7. f4 h6 8.
Bh4 Qb6 9. Qd2 e6 10. O-O-O Nc5 11. Bxf6 gxf6 12. Nb3 Nxb3+ 13. cxb3 Bd7 14.
Kb1 Rc8 15. Rc1 h5 16. Na4 Rxc1+ 17. Qxc1 Qc6 18. Qxc6 Bxc6 19. Nc3 Bh6 20.
g3 f5 21. Bd3 fxe4 22. Bxe4 d5 23. Bf3 Bg7 24. Re1 Kd7 25. Rd1 d4 26. Bxc6+
Kxc6 27. Ne4 f5 28. Ng5 Kd5 29. Re1 Re8 30. Kc2 e5 31. fxe5 Rxe5 32. Rxe5+
Bxe5 33. Kd3 a5 34. Nf3 b5 35. Nxe5 Kxe5 36. h4 Kd5 37. a3 a4 38. bxa4 bxa4
39. Kc2 Ke4 40. b4 axb3+ 41. Kxb3 d3 42. a4 Ke3 43. a5 d2 44. Kc2 Ke2
{White resigns}
0-1

[Event "ICC tourney 2047 (75 10)"]
[Site "Internet Chess Club"]
[Date "2020.10.11"]
[Round "5"]
[White "FL2009"]
[Black "VincentT2008"]
[Result "1/2-1/2"]
[ICCResult "Game drawn by mutual agreement"]
[WhiteElo "1842"]
[BlackElo "1805"]
[Opening "Giuoco Pianissimo"]
[ECO "C55"]
[NIC "IG.01"]
[Time "11:04:57"]
[TimeControl "4500+10"]

1. e4 e5 2. Nf3 Nc6 3. Bc4 Nf6 4. d3 Bc5 5. O-O h6 6. c3 d6 7. Be3 Bb6 8.
Nbd2 O-O 9. Re1 Re8 10. h3 Be6 11. Bb5 a6 12. Ba4 Bxe3 13. Rxe3 b5 14. Bc2
Ne7 15. Nf1 c5 16. Ng3 Nc6 17. a3 Qc7 18. Rc1 Rad8 19. d4 exd4 20. cxd4 Bc8
21. d5 Ne5 22. Nxe5 Rxe5 23. f4 Ree8 24. Nh5 Nxh5 25. Qxh5 Qe7 26. Rce1 c4
27. b3 Qa7 28. bxc4 bxc4 29. Kh1 Qd4 30. Qe2 Bd7 31. Rd1 Qc5 32. Rg3 Re7 33.
Qf1 Rb8 34. Rb1 Ree8 35. Qc1 Qf2 36. Kh2 Kh8 37. Rb4 Qd4
{Game drawn by mutual agreement}
1/2-1/2

[Event "ICC tourney 2047 (75 10)"]
[Site "Internet Chess Club"]
[Date "2020.10.11"]
[Round "5"]
[White "irisl"]
[Black "joeandjoe56"]
[Result "1-0"]
[ICCResult "Black resigns"]
[WhiteElo "1402"]
[BlackElo "1740"]
[Opening "Evans gambit"]
[ECO "C52"]
[NIC "IG.05"]
[Time "11:04:18"]
[TimeControl "4500+10"]

1. e4 e5 2. Nf3 Nc6 3. Bc4 Bc5 4. b4 Bxb4 5. c3 Ba5 6. d4 exd4 7. O-O Nf6 8.
e5 Ne4 9. Re1 Nc5 10. Bg5 Ne7 11. Nxd4 Ne6 12. Bxe6 dxe6 13. Qa4+ c6 14.
Bxe7 Kxe7 15. Qa3+ Ke8 16. Nd2 Bb6 17. Ne4 Bc7 18. Rad1 Qe7 19. Nd6+ Bxd6
20. exd6 Qg5 21. Nf3 Qf6 22. Ne5 Bd7 23. Qc5 Qd8 24. Qe3 Kf8 25. Qe4 Kg8 26.
Rd3 g6 27. Rf3 f5 28. Qe3 Be8 29. d7 Bf7 30. Nxf7 Kxf7 31. Qxe6+ Kg7 32.
Qe5+ Kf7 33. Qe6+ Kg7 34. Rfe3 Rf8 35. Qb3 Rf7 36. Re8 Qxd7 37. Rxa8 Qd2 38.
Rd1 Re7 39. Qg8+ Kh6 40. Qf8+ Kh5 41. g4+ {Black resigns} 1-0

[Event "ICC tourney 2047 (75 10)"]
[Site "Internet Chess Club"]
[Date "2020.10.11"]
[Round "5"]
[White "WallyCleaver"]
[Black "shubham14"]
[Result "0-1"]
[ICCResult "White resigns"]
[WhiteElo "1584"]
[BlackElo "1537"]
[Opening "Sicilian: Najdorf, 6.Bg5"]
[ECO "B94"]
[NIC "SI.04"]
[Time "11:05:11"]
[TimeControl "4500+10"]

1. e4 c5 2. Nf3 d6 3. d4 cxd4 4. Nxd4 Nf6 5. Nc3 a6 6. Bg5 g6 7. Qd2 Bg7 8.
O-O-O O-O 9. f3 b5 10. Bxf6 Bxf6 11. Nd5 Bg7 12. Kb1 Bb7 13. Nb3 Nd7 14. c4
Rb8 15. cxb5 axb5 16. Bxb5 e6 17. Bxd7 exd5 18. exd5 Qxd7 19. Rhe1 Qf5+ 20.
Qd3 Bc8 21. g4 Qxd3+ 22. Rxd3 f5 23. g5 Be5 24. Rd2 Bf4 25. Rg2 Bb7 26. Rd1
Rfe8 27. Na5 Ba8 28. Nc6 Bxc6 29. dxc6 Rbc8 30. Rc2 Bxg5 31. b4 Rb8 32. Rb2
Bd8 33. Rxd6 Be7 34. Re6 Kf7 35. c7 Kxe6 36. cxb8=Q Rxb8 37. b5 Kd5 38. a4
Ra8 39. b6 Kc6 40. Re2 Bd6 41. Rb2 Rxa4 42. b7 Bb8 43. Rd2 Rb4+ 44. Ka2 Rxb7
45. Rc2+ Kd7 46. Rd2+ Bd6 {White resigns} 0-1

[Event "ICC tourney 2047 (75 10)"]
[Site "Internet Chess Club"]
[Date "2020.10.11"]
[Round "5"]
[White "jHanna"]
[Black "MacAndSneeze"]
[Result "0-1"]
[ICCResult "White resigns"]
[WhiteElo "1807"]
[BlackElo "1622"]
[Opening "King's Indian: Petrosian system, Stein variation"]
[ECO "E92"]
[NIC "KI.17"]
[Time "11:04:16"]
[TimeControl "4500+10"]

1. d4 Nf6 2. c4 g6 3. Nc3 Bg7 4. e4 d6 5. Be2 O-O 6. Nf3 e5 7. d5 a5 8. Bg5
Na6 9. Nd2 h6 10. Be3 Nh7 11. Nb3 b6 12. Qd2 h5 13. h3 f5 14. exf5 Bxf5 15.
g4 hxg4 16. hxg4 Bd7 17. Bh6 Qf6 18. Ne4 Qf7 19. O-O-O a4 20. Na1 Nc5 21.
Nxc5 bxc5 22. Rh2 Rfb8 23. Bxg7 Qxg7 24. Rdh1 Nf6 25. Qh6 Bxg4 26. Qxg7+
Kxg7 27. Bxg4 Nxg4 28. Rh7+ Kf6 29. Rxc7 Rh8 30. Rxh8 Rxh8 31. Nc2 Nxf2 32.
Kd2 Rh2 33. Rd7 Ne4+ 34. Kd3 Rh4 35. b4 axb3 36. axb3 g5 37. b4 cxb4 38.
Nxb4 Nc5+ 39. Ke3 Nxd7 40. Nd3 Rh3+ 41. Ke4 Nc5+ 42. Nxc5 dxc5 43. d6 Ke6
44. d7 Rh8 45. d8=Q Rxd8 46. Kf3 e4+ 47. Ke3 Rd4 48. Kf2 Rxc4 49. Ke3 g4 50.
Kf4 e3+ 51. Kxe3 g3 52. Kf3 Rc3+ 53. Kg2 c4 54. Kf1 Rc1+ 55. Kg2 c3 56. Kxg3
c2 57. Kf2 Ra1 {White resigns} 0-1

[Event "ICC tourney 2047 (75 10)"]
[Site "Internet Chess Club"]
[Date "2020.10.11"]
[Round "5"]
[White "WizardY"]
[Black "Priccchess"]
[Result "1/2-1/2"]
[ICCResult "White stalemated"]
[WhiteElo "1454"]
[BlackElo "1759"]
[Opening "Philidor: exchange variation"]
[ECO "C41"]
[NIC "KP.08"]
[Time "11:04:26"]
[TimeControl "4500+10"]

1. e4 e5 2. Nf3 d6 3. d4 exd4 4. Nxd4 Nf6 5. Nc3 Be7 6. Bc4 O-O 7. O-O a6 8.
a4 Bd7 9. f4 Nc6 10. Nxc6 Bxc6 11. e5 dxe5 12. fxe5 Qxd1 13. Nxd1 Ng4 14. e6
Bc5+ 15. Kh1 fxe6 16. Bxe6+ Kh8 17. Bf4 Bd6 18. Bxg4 Rxf4 19. Rxf4 Bxf4 20.
Nc3 Rd8 21. Rd1 Rxd1+ 22. Bxd1 Be5 23. a5 Kg8 24. Kg1 Kf7 25. Kf2 Bxc3 26.
bxc3 Bb5 27. Ke3 Ke6 28. Bf3 b6 29. axb6 cxb6 30. Be4 g6 31. Kd4 Kd6 32. g3
Bc6 33. Bd3 a5 34. Bc4 b5 35. Bg8 h6 36. c4 b4 37. c5+ Kc7 38. c3 bxc3 39.
Kxc3 Kd7 40. Kb3 Ke7 41. Bc4 Kf6 42. Kc3 Ke5 43. Bf7 g5 44. Kc4 a4 45. Kb4
Kd4 46. Bg8 Bd5 47. Bh7 a3 48. Kxa3 Kxc5 49. Bf5 Kd4 50. Kb4 Bf3 51. Kb5 h5
52. Bd7 h4 53. gxh4 gxh4 54. Kb4 Be2 55. Kb3 Ke3 56. Kc2 Bf3 57. Kc3 Kf2 58.
Kd3 Kg2 59. h3 Kf2 60. Kd2 Be2 61. Be6 Bf1 62. Bd7 Bg2 63. Be6 Bc6 64. Bc8
Bb5 65. Be6 Kf3 66. Bc8 Kf2 67. Be6 Kg3 68. Bc8 Bf1 69. Ke3 Bg2 70. Be6 Bxh3
71. Bxh3 Kxh3 72. Kf3 Kh2 73. Kf2 h3 74. Kf1 Kg3 75. Kg1 h2+ 76. Kh1 Kh3
{White stalemated}
1/2-1/2

[Event "ICC tourney 2047 (75 10)"]
[Site "Internet Chess Club"]
[Date "2020.10.11"]
[Round "5"]
[White "StevChess01"]
[Black "Nikhilp"]
[Result "1/2-1/2"]
[ICCResult "Game drawn by mutual agreement"]
[WhiteElo "1735"]
[BlackElo "1821"]
[Opening "King's Indian: Sämisch variation"]
[ECO "E80"]
[NIC "KI.54"]
[Time "11:04:32"]
[TimeControl "4500+10"]

1. d4 Nf6 2. c4 g6 3. f3 d6 4. e4 Bg7 5. Nc3 Nbd7 6. Be3 a6 7. Qd2 O-O 8.
Bd3 c5 9. Nge2 Qa5 10. O-O Qc7 11. Rac1 Rb8 12. b3 Qa5 13. a4 Qd8 14. Bc2 b6
15. h3 Ne8 16. f4 Nc7 17. f5 cxd4 18. Nxd4 Ne5 19. Bg5 Bd7 20. Nd5 Nxd5 21.
cxd5 f6 22. Be3 g5 23. g4 h5 24. Bd1 Bh6 25. Nf3 Nxf3+ 26. Bxf3 b5 27. a5
Rb7 28. Bb6 Qb8 29. Qe3 h4 30. b4 Rc8 31. Rxc8+ Qxc8 32. Rc1 Qb8 33. Kg2 Kf7
34. Bd1 Bf8 35. Bb3 Bg7 36. Rc6 Kf8 37. Qc1 Kf7 38. Be3 Qa8 39. Rb6 Rxb6 40.
axb6 Qc8 41. Qxc8 Bxc8 42. Kf3 Ke8 43. Bd4 {Game drawn by mutual agreement}
1/2-1/2

[Event "ICC tourney 2047 (75 10)"]
[Site "Internet Chess Club"]
[Date "2020.10.11"]
[Round "5"]
[White "Mapking1"]
[Black "natez"]
[Result "0-1"]
[ICCResult "White checkmated"]
[WhiteElo "1611"]
[BlackElo "1856"]
[Opening "Caro-Kann: exchange, Rubinstein variation"]
[ECO "B13"]
[NIC "CK.02"]
[Time "11:04:32"]
[TimeControl "4500+10"]

1. e4 c6 2. d4 d5 3. exd5 cxd5 4. Bd3 Nc6 5. c3 Nf6 6. Bf4 Qb6 7. Qc2 Bg4 8.
h3 Bh5 9. Nd2 Rc8 10. Ngf3 e6 11. O-O Be7 12. Qb3 Qxb3 13. axb3 O-O 14. b4
a6 15. Ne5 Nxe5 16. dxe5 Nd7 17. Nb3 Bg6 18. Bxg6 hxg6 19. Na5 Rc7 20. Rfe1
Nb6 21. Be3 Nc4 22. Nxc4 Rxc4 23. Bd4 Bxb4 24. Ra4 Rxd4 25. Rxb4 Rxb4 26.
cxb4 Rc8 27. Re3 Rc1+ 28. Kh2 Rc4 29. Rb3 Re4 30. Re3 Rxe3 31. fxe3 Kf8 32.
Kg3 Ke7 33. e4 dxe4 34. Kf4 Kd7 35. Kxe4 Kc6 36. Kd4 Kb5 37. Kc3 b6 38. h4
a5 39. bxa5 bxa5 40. Kb3 a4+ 41. Kc3 Kc5 42. g3 Kb5 43. g4 Kc5 44. h5 g5 45.
Kd3 Kb4 46. Kd4 Kb3 47. Kc5 Kxb2 48. Kd6 a3 49. Ke7 a2 50. Kxf7 a1=Q 51.
Kxg7 Kc2 52. Kf6 Qg1 53. h6 Qxg4 54. h7 Qh5 55. Kg7 g4 56. h8=N Qxe5+ 57.
Kh7 g3 58. Ng6 Qe4 59. Kh8 g2 60. Ne7 g1=Q 61. Ng6 Qh2+ 62. Kg7 Qxg6+ 63.
Kxg6 Qf4 64. Kg7 e5 65. Kh8 e4 66. Kg8 e3 67. Kh8 e2 68. Kg8 e1=Q 69. Kh8
Qe7 70. Kg8 Qff8# {White checkmated} 0-1

[Event "ICC tourney 2047 (75 10)"]
[Site "Internet Chess Club"]
[Date "2020.10.11"]
[Round "5"]
[White "chesslin"]
[Black "gardemarin13"]
[Result "0-1"]
[ICCResult "White resigns"]
[WhiteElo "1861"]
[BlackElo "1903"]
[Opening "Queen's pawn: London system"]
[ECO "A45"]
[NIC "QP.07"]
[Time "11:04:24"]
[TimeControl "4500+10"]

1. d4 Nf6 2. Bf4 e6 3. e3 c5 4. Nd2 b6 5. Ngf3 Be7 6. Nc4 d5 7. Nce5 O-O 8.
Bb5 Bb7 9. c3 Ne4 10. h4 f6 11. Nd3 c4 12. Bxb8 Qxb8 13. Nf4 Qd6 14. h5 e5
15. Ng6 hxg6 16. hxg6 f5 17. Nxe5 Bg5 18. Qh5 Bh6 19. Nf7 Qf6 20. Nxh6+ gxh6
21. Qxh6 Qg7 22. Qxg7+ Kxg7 23. Rh7+ Kxg6 24. Rxb7 Nd6 25. Bc6 Nxb7 26. Bxb7
Rad8 27. g3 Rd6 28. a4 Rh8 29. Ke2 a5 30. Kf3 Kg5 31. Rg1 Rh7 32. Ba6 Rdh6
33. Bb5 Kf6 34. Kf4 Rh1 35. Rg2 R7h2 36. Rxh2 Rxh2 37. f3 Rxb2 38. Bd7 Rc2
39. Bxf5 Rxc3 40. g4 Ra3 41. g5+ Kg7 42. e4 dxe4 43. fxe4 Rd3 44. Ke5 c3 45.
Be6 c2 46. Bc4 Rd2 {White resigns} 0-1

[Event "ICC tourney 2047 (75 10)"]
[Site "Internet Chess Club"]
[Date "2020.10.11"]
[Round "5"]
[White "coolhappyfish"]
[Black "Alexbander"]
[Result "1-0"]
[ICCResult "Black checkmated"]
[WhiteElo "1641"]
[BlackElo "1701"]
[Opening "Catalan: closed, 7.Qc2"]
[ECO "E08"]
[NIC "QP.08"]
[Time "11:04:18"]
[TimeControl "4500+10"]

1. d4 d5 2. c4 e6 3. Nf3 Nf6 4. g3 Nbd7 5. Bg2 Be7 6. O-O O-O 7. Qc2 c6 8.
Rd1 Nb6 9. b3 a5 10. a4 Ne4 11. Nbd2 f5 12. Nxe4 fxe4 13. Ne1 Bg5 14. f3
exf3 15. Nxf3 Bf6 16. e4 dxe4 17. Qxe4 c5 18. Ba3 Re8 19. Bxc5 Bd7 20. Qxb7
Rb8 21. Bxb6 Rxb7 22. Bxd8 Rxd8 23. Rab1 Bc6 24. Ne5 Bxg2 25. Kxg2 Bxe5 26.
dxe5 Rxd1 27. Rxd1 Rxb3 28. Rc1 Rb6 29. c5 Rc6 30. Kf3 Kf7 31. Ke4 Kg6 32.
Kd4 Kf5 33. h3 g5 34. Rf1+ Kg6 35. Kc4 h5 36. Kb5 Rc8 37. c6 g4 38. Rf6+ Kg7
39. hxg4 hxg4 40. Rxe6 Kf7 41. Rf6+ Kg7 42. Kxa5 Rc7 43. Kb6 Rc8 44. Kb7
Rxc6 45. Kxc6 Kh7 46. Rf4 Kg6 47. e6 Kg7 48. e7 Kg6 49. e8=Q+ Kg7 50. Rf7+
Kg6 51. Qe6+ Kg5 52. Rf5# {Black checkmated} 1-0

[Event "ICC tourney 2047 (75 10)"]
[Site "Internet Chess Club"]
[Date "2020.10.11"]
[Round "5"]
[White "awakeflood"]
[Black "Eagle2020"]
[Result "1-0"]
[ICCResult "Black checkmated"]
[WhiteElo "1788"]
[BlackElo "1506"]
[Opening "French: King's Indian attack"]
[ECO "C00"]
[NIC "FR.02"]
[Time "11:04:20"]
[TimeControl "4500+10"]

1. e4 e6 2. d3 d5 3. Nd2 Nf6 4. Ngf3 Be7 5. g3 c5 6. Bg2 Nc6 7. O-O h6 8.
Re1 dxe4 9. dxe4 e5 10. b3 O-O 11. h3 Qc7 12. c3 Be6 13. Qc2 Rad8 14. Nh4 g6
15. Nf1 Kh7 16. f4 Rg8 17. f5 Bc8 18. fxg6+ fxg6 19. Be3 b6 20. Nf3 Be6 21.
g4 Ne8 22. Bf2 Ng7 23. Ne3 Rgf8 24. Nd5 Qb7 25. Bg3 Bd6 26. Bh4 Rc8 27. Rad1
Ne8 28. Qc1 Ne7 29. Bxe7 Bxe7 30. Nxe5 Bf6 31. Nxf6+ Rxf6 32. Nf3 Rf8 33.
Qe3 Qf7 34. Rf1 Qg7 35. e5 Nc7 36. c4 Rce8 37. g5 h5 38. Nd2 Bf5 39. Rde1
Ne6 40. Ne4 Bxe4 41. Bxe4 Kh8 42. Rf6 Rg8 43. Bxg6 Qxg6 44. Rxg6 Rxg6 45. h4
Rd8 46. Qe4 Kh7 47. Rf1 Rd4 48. Rf7+ Ng7 49. Qb1 Rxh4 50. Rf6 Rg4+ 51. Kh2
Rxg5 52. Rxg6 Rxg6 53. Qe4 Kh6 54. Qf4+ Kh7 55. Qf7 a5 56. a3 Rh6 57. Kh3 h4
58. e6 Rxe6 59. Kxh4 Re4+ 60. Kg5 Re5+ 61. Kf4 Re1 62. Qb7 Rf1+ 63. Ke3 Kh8
64. Qxb6 Nf5+ 65. Ke2 Ra1 66. Qf6+ Ng7 67. Qxa1 Kg8 68. Qxg7+ Kxg7 69. b4
cxb4 70. axb4 axb4 71. Kd2 Kf7 72. Kc2 Ke7 73. Kb3 Kd7 74. Kxb4 Kd6 75. Kb5
Kd7 76. Kb6 Kc8 77. Kc6 Kb8 78. Kd7 Kb7 79. c5 Kb8 80. c6 Ka8 81. c7 Ka7 82.
c8=Q Kb6 83. Kd6 Kb5 84. Qc5+ Ka4 85. Qb6 Ka3 86. Kc5 Ka2 87. Kc4 Ka1 88.
Kc3 Ka2 89. Qb2# {Black checkmated} 1-0

[Event "ICC tourney 2047 (75 10)"]
[Site "Internet Chess Club"]
[Date "2020.10.11"]
[Round "6"]
[White "Chess121"]
[Black "madrigal"]
[Result "1/2-1/2"]
[ICCResult "Game drawn by mutual agreement"]
[WhiteElo "1419"]
[BlackElo "1583"]
[Opening "Queen's pawn: London system"]
[ECO "A45"]
[NIC "QP.07"]
[Time "14:46:51"]
[TimeControl "4500+10"]

1. d4 Nf6 2. Bf4 d5 3. e3 e6 4. Nd2 c5 5. c3 Bd6 6. Bg3 Bxg3 7. hxg3 Nc6 8.
Ngf3 cxd4 9. exd4 a6 10. Bd3 b5 11. O-O O-O 12. Qe2 Bb7 13. Ne5 Qc7 14. Ndf3
Na5 15. Rfe1 Nc4 16. Rad1 Nd6 17. Nd2 Nc4 18. Ndf3
{Game drawn by mutual agreement}
1/2-1/2

[Event "ICC tourney 2047 (75 10)"]
[Site "Internet Chess Club"]
[Date "2020.10.11"]
[Round "6"]
[White "Knightboy123"]
[Black "M6northrup"]
[Result "1-0"]
[ICCResult "Black resigns"]
[WhiteElo "1660"]
[BlackElo "1625"]
[Opening "Ruy Lopez: Berlin defense, 4.O-O, d6"]
[ECO "C66"]
[NIC "RL.07"]
[Time "14:46:57"]
[TimeControl "4500+10"]

1. e4 e5 2. Nf3 Nc6 3. Bb5 Nf6 4. O-O d6 5. Re1 Be7 6. h3 O-O 7. c3 a6 8.
Ba4 b5 9. Bc2 d5 10. exd5 Qxd5 11. d4 exd4 12. Nxd4 Nxd4 13. Qxd4 Qxd4 14.
cxd4 Bd6 15. Bg5 Bb7 16. Bxf6 gxf6 17. Be4 Rfe8 18. Nc3 Bxe4 19. Rxe4 b4 20.
Rae1 Kf8 21. Nd5 Rxe4 22. Rxe4 Kg7 23. Rg4+ Kh8 24. Nxf6 c5 25. dxc5 Bxc5
26. Rc4 Rc8 27. Kf1 Rc6 28. Ne4 {Black resigns} 1-0

[Event "ICC tourney 2047 (75 10)"]
[Site "Internet Chess Club"]
[Date "2020.10.11"]
[Round "6"]
[White "Michaelpu"]
[Black "StevChess01"]
[Result "1-0"]
[ICCResult "Black resigns"]
[WhiteElo "1643"]
[BlackElo "1710"]
[Opening "Sicilian: O'Kelly variation"]
[ECO "B28"]
[NIC "SI.43"]
[Time "14:47:22"]
[TimeControl "4500+10"]

1. e4 c5 2. Nf3 a6 3. d4 cxd4 4. Nxd4 Nf6 5. Nc3 e5 6. Nb3 Bb4 7. Bd3 Bxc3+
8. bxc3 d6 9. O-O h6 10. h3 Qc7 11. Bd2 Be6 12. Re1 Nbd7 13. a4 Nc5 14. Nxc5
Qxc5 15. Rb1 Qc7 16. f4 O-O 17. f5 Bd7 18. Kh2 Bc6 19. g4 d5 20. g5 hxg5 21.
Bxg5 Nxe4 22. Bxe4 dxe4 23. f6 g6 24. Qg4 Rfd8 25. Qh4 Rd2+ 26. Bxd2 e3 27.
Bxe3 Qd6 28. Rbd1 Qe6 29. Bg5 e4 30. Re3 Bxa4 31. Qh6 {Black resigns} 1-0

[Event "ICC tourney 2047 (75 10)"]
[Site "Internet Chess Club"]
[Date "2020.10.11"]
[Round "6"]
[White "yogokings12"]
[Black "fasteagle1"]
[Result "1/2-1/2"]
[ICCResult "Game drawn by mutual agreement"]
[WhiteElo "1690"]
[BlackElo "1756"]
[Opening "French: Steinitz, Boleslavsky variation"]
[ECO "C11"]
[NIC "FR.04"]
[Time "14:46:56"]
[TimeControl "4500+10"]

1. e4 e6 2. d4 d5 3. Nc3 Nf6 4. e5 Nfd7 5. f4 c5 6. Nf3 Nc6 7. Be3 c4 8. Be2
Bb4 9. Qd2 Qa5 10. O-O a6 11. a3 Bxc3 12. Qxc3 Qxc3 13. bxc3 O-O 14. a4 b6
15. Rfb1 Bb7 16. Bc1 Rfb8 17. Ba3 Na7 18. Bd6 Rc8 19. Nh4 g6 20. g4 Bc6 21.
f5 b5 22. a5 Re8 23. f6 Nc8 24. Bb4 h6 25. Ng2 Kh7 26. h4 Nf8 27. Nf4 Bd7
28. Kf2 Na7 {Game drawn by mutual agreement} 1/2-1/2

[Event "ICC tourney 2047 (75 10)"]
[Site "Internet Chess Club"]
[Date "2020.10.11"]
[Round "6"]
[White "Priccchess"]
[Black "TacticalVM"]
[Result "1-0"]
[ICCResult "Black resigns"]
[WhiteElo "1783"]
[BlackElo "1666"]
[Opening "Sicilian: Najdorf"]
[ECO "B90"]
[NIC "SI.14"]
[Time "14:47:04"]
[TimeControl "4500+10"]

1. e4 c5 2. Nf3 d6 3. d4 cxd4 4. Nxd4 Nf6 5. Nc3 a6 6. Bd3 e5 7. Nb3 Nc6 8.
O-O Be7 9. h3 O-O 10. f4 Bd7 11. Be3 Qc8 12. f5 d5 13. Nxd5 Nxd5 14. exd5
Nb4 15. Be4 Bb5 16. Re1 Qc4 17. Bb6 Bg5 18. c3 Nd3 19. Bxd3 Qxd3 20. Qxd3
Bc4 21. Qxc4 {Black resigns} 1-0

[Event "ICC tourney 2047 (75 10)"]
[Site "Internet Chess Club"]
[Date "2020.10.11"]
[Round "6"]
[White "chessmaster0981"]
[Black "jHanna"]
[Result "0-1"]
[ICCResult "White resigns"]
[WhiteElo "1631"]
[BlackElo "1837"]
[Opening "QGD Slav: 3.Nf3"]
[ECO "D11"]
[NIC "SL.01"]
[Time "14:46:50"]
[TimeControl "4500+10"]

1. d4 d5 2. c4 c6 3. Nf3 Nf6 4. g3 Bf5 5. Qb3 Qc7 6. Nc3 dxc4 7. Qxc4 Nbd7
8. Bf4 Qb6 9. Qb3 e6 10. Qxb6 Nxb6 11. Nd2 Bb4 12. e4 Bxc3 13. exf5 Bxb2 14.
Rb1 Bxd4 15. fxe6 fxe6 16. Bh3 e5 17. Bg5 Bc3 18. Ke2 O-O 19. Rhe1 Bxd2 20.
Bxd2 Ne4 21. Rf1 Rf6 22. Rbc1 Nxd2 23. Kxd2 Rd8+ 24. Ke2 Rfd6 25. Rfd1 Rxd1
26. Rxd1 Rxd1 27. Kxd1 Kf7 28. Kc2 Ke7 29. Kb2 Kd6 30. Kc3 Kc5 31. a3 Nc4
32. a4 b5 33. axb5 cxb5 34. Kb3 g5 35. Bf5 h6 36. Bc8 a5 37. Bd7 Nd2+ 38.
Kb2 b4 39. Ba4 Ne4 40. f3 Kd4 41. fxe4 Kxe4 42. Bd1 Ke3 43. Kb3 Kf2 44. Bc2
Kg2 45. g4 Kxh2 46. Bf5 Kg3 47. Ka4 Kf4 48. Kb3 e4 49. Kc2 Kf3 {White
resigns} 0-1

[Event "ICC tourney 2047 (75 10)"]
[Site "Internet Chess Club"]
[Date "2020.10.11"]
[Round "6"]
[White "Alexbander"]
[Black "betterone76"]
[Result "0-1"]
[ICCResult "White checkmated"]
[WhiteElo "1712"]
[BlackElo "1860"]
[Opening "English: Sicilian reversed"]
[ECO "A25"]
[NIC "EO.20"]
[Time "14:47:02"]
[TimeControl "4500+10"]

1. c4 e5 2. Nc3 Nc6 3. g3 f5 4. Bg2 Nf6 5. d3 Bb4 6. Bd2 O-O 7. a3 Bxc3 8.
Bxc3 d6 9. Nf3 Qe8 10. O-O Qh5 11. Qd2 f4 12. Rac1 Bh3 13. b4 Ng4 14. Rfd1
fxg3 15. fxg3 Bxg2 16. Kxg2 Rxf3 17. exf3 Qxh2+ 18. Kf1 Qh1+ 19. Ke2 Qg2+
20. Ke1 Qxg3+ 21. Kf1 Nh2+ 22. Qxh2 Qxh2 23. b5 Nd4 24. Bxd4 exd4 25. a4 Rf8
26. Ke1 Rxf3 27. Rd2 Qg1+ 28. Ke2 Qxc1 29. Rd1 Qxd1+ 30. Kxd1 Rxd3+ 31. Kc2
Rc3+ 32. Kd2 Rxc4 33. Kd3 d5 34. Kd2 Rxa4 35. Kd3 c5 36. Kd2 c4 37. Kc2 Ra2+
38. Kd1 d3 39. Kc1 c3 40. Kd1 Ra1# {White checkmated} 0-1

[Event "ICC tourney 2047 (75 10)"]
[Site "Internet Chess Club"]
[Date "2020.10.11"]
[Round "6"]
[White "mancogu"]
[Black "awakeflood"]
[Result "0-1"]
[ICCResult "White resigns"]
[WhiteElo "1569"]
[BlackElo "1792"]
[Opening "French: exchange variation"]
[ECO "C01"]
[NIC "FR.01"]
[Time "14:47:05"]
[TimeControl "4500+10"]

1. e4 e6 2. d4 d5 3. exd5 exd5 4. Bd3 Bd6 5. Nf3 Ne7 6. c3 Bg4 7. Nbd2 Nbc6
8. Qc2 Qd7 9. b3 O-O-O 10. Bb2 Qe6+ 11. Be2 Ng6 12. Nf1 Nf4 13. Ne3 Nxg2+
14. Nxg2 Bxf3 15. Rg1 Bxh2 16. Rh1 Rde8 17. Rxh2 Qxe2+ 18. Qxe2 Rxe2+ 19.
Kf1 Rxb2 20. Ne3 Be4 21. Ke1 Rb1+ 22. Rxb1 Bxb1 23. f3 Re8 24. Kd2 h6 25.
Nxd5 Bxa2 26. Kc2 Na5 27. Nb4 Bxb3+ 28. Kb2 Bc4 29. Rg2 Re2+ 30. Rxe2 Bxe2
31. f4 h5 32. Nc2 h4 33. Ne3 h3 {White resigns} 0-1

[Event "ICC tourney 2047 (75 10)"]
[Site "Internet Chess Club"]
[Date "2020.10.11"]
[Round "6"]
[White "importantheart"]
[Black "wulovechess"]
[Result "1-0"]
[ICCResult "Black checkmated"]
[WhiteElo "1720"]
[BlackElo "1391"]
[Opening "Giuoco Pianissimo"]
[ECO "C55"]
[NIC "IG.01"]
[Time "14:47:29"]
[TimeControl "4500+10"]

1. e4 e5 2. Nf3 Nc6 3. Bc4 Nf6 4. d3 Bc5 5. O-O d6 6. c3 O-O 7. Nbd2 Bg4 8.
Re1 Re8 9. h3 Bh5 10. Nf1 Na5 11. Bb5 c6 12. Ba4 b5 13. Bc2 Bb6 14. Ng3 Bg6
15. Bg5 h6 16. Bd2 d5 17. b4 Nb7 18. exd5 Nxd5 19. Nxe5 Bxf2+ 20. Kxf2 Qf6+
21. Nf3 Nxc3 22. Bxc3 Qxc3 23. Qd2 Qxd2+ 24. Nxd2 Rxe1 25. Rxe1 a5 26. bxa5
Rxa5 27. Bb3 Nc5 28. Re8+ Kh7 29. d4 Nd3+ 30. Ke3 Ne1 31. Kf2 Nd3+ 32. Kf1
Nb4 33. Rc8 Ra6 34. Ke2 Nxa2 35. Bxa2 Rxa2 36. Rxc6 Ra4 37. d5 f6 38. d6 Rd4
39. Nf3 Rd5 40. Ke3 Be8 41. Rb6 b4 42. Ke4 Rd1 43. Nd4 Re1+ 44. Kd5 Re5+ 45.
Kc4 b3 46. Nxb3 Bf7+ 47. Kd4 Rd5+ 48. Ke4 Re5+ 49. Kd4 Rd5+ 50. Ke3 Re5+ 51.
Kf2 Be8 52. Rb8 Bd7 53. Rb7 Bc6 54. Rc7 Be8 55. d7 Bxd7 56. Rxd7 Kg6 57. Nd4
h5 58. Ngf5 Rxf5+ 59. Nxf5 Kxf5 60. Rxg7 Kf4 61. g3+ Kf5 62. Kf3 Ke5 63. Rh7
Ke6 64. Rxh5 f5 65. Kf4 Kd5 66. Rxf5+ Kd4 67. h4 Kd3 68. Re5 Kd2 69. Re3 Kc2
70. h5 Kd2 71. h6 Kc2 72. h7 Kb1 73. Re2 Kc1 74. h8=Q Kd1 75. Ra2 Kc1 76.
Qh1# {Black checkmated} 1-0